 Dungeon Crawl Stone Soup version 0.29.0-4-gdea44cf6ec (webtiles) character file.

Game seed: 9261588619600448319

65 qw the Chopper (level 4, -2/28 HPs)
             Began as a Gargoyle Fighter on Sept 6, 2022.
             Slain by an orc priest
             ... wielding a +0 club
              (4 damage)
             ... on level 3 of the Dungeon.
             The game lasted 00:01:05 (2097 turns).

qw the Chopper (Gargoyle Fighter)                   Turns: 2097, Time: 00:01:06

Health: -2/28      AC: 12    Str: 22    XL:     4   Next: 13%
Magic:  4/4        EV: 13    Int: 13    God:
Gold:   74         SH:  5    Dex:  9    Spells: 3/3 levels left

rFire   + . .      SeeInvis .   Y - +0 war axe
rCold   . . .      Faith    .   g - +1 buckler {rF+}
rNeg    + . .      Spirit   .   b - +0 scale mail
rPois   inf        Reflect  .   (no helmet)
rElec   +          Harm     .   f - +0 cloak
rCorr   .          Rampage  .   a - +0 pair of gloves
Will    .....                   (no boots)
Stlth   ..........              (no amulet)
HPRegen 0.09/turn               i - ring "Mecuexug" {Contam EV+4 Int+5}
MPRegen 0.09/turn               (no ring)

@: no status effects
A: sickness immunity, AC +3, negative energy resistance 1, electricity
resistance, torment resistance 1, petrification resistance
a: no special abilities


You were on level 3 of the Dungeon.
You visited 1 branch of the dungeon, and saw 3 of its levels.

You collected 74 gold pieces.


Innate Abilities, Weirdness & Mutations

You are immune to sickness and miasma.
Your stone body is resilient. (AC +3)
You are immune to poison.
You resist negative energy. (rN+)
You are resistant to electric shocks. (rElec)
You are resistant to unholy torment.
You are immune to petrification.


   Skills:
 - Level 3.2 Fighting
 + Level 3.9 Axes
 - Level 3.2 Armour
 - Level 3.2 Shields


You had 3 spell levels left.
You didn't know any spells.
Your spell library was empty.

Inventory:

Hand Weapons
 j - a +0 whip
 Y - a +0 war axe (weapon)
Armour
 a - a +0 pair of gloves (worn)
 b - a +0 scale mail (worn)
 f - a +0 cloak (worn)
 g - a +1 buckler of fire resistance (worn)
Jewellery
 i - the ring "Mecuexug" (left hand) {Contam EV+4 Int+5}
   (You found it on level 2 of the Dungeon)

   [ring of evasion]

   EV:        It affects your evasion (+4).
   Int:       It affects your intelligence (+5).
   Contam:    It causes magical contamination when unequipped.
 p - the ring "Wahut" {rElec rPois rF+ rCorr Str-5}
   (You found it on level 2 of the Dungeon)

   [ring of poison resistance]

   Str:       It affects your strength (-5).
   rF:        It protects you from fire.
   rElec:     It insulates you from electricity.
   rPois:     It protects you from poison.
   rCorr:     It protects you from acid and corrosion.
Scrolls
 c - a scroll of poison {unknown}
Potions
 d - a potion of might
 h - a potion of heal wounds {unknown}
 k - a potion of flight {unknown}
 l - a potion of haste {unknown}
 m - a potion of attraction {unknown}

Dungeon Overview and Level Annotations

Branches:
Dungeon (3/15)

Altars:

Shops:
D:1 [


Message History

The orc throws a stone.
The stone hits you but does no damage.
An orc wizard comes into view. It is wielding a +0 dagger.
2088 ||| Stepping ~*~*~tactically~*~*~ (stealth).
A hobgoblin comes into view.
An orc priest comes into view. It is wielding a +0 hand axe.
The orc priest shouts!
You slash the hobgoblin!
You kill the hobgoblin!
The orc throws a stone.
The stone closely misses you. The orc closely misses you.
The orc priest calls down the wrath of Beogh upon you.
Beogh smites you!
You closely miss the orc. The orc barely misses you.
An endoplasm comes into view.
The orc closely misses you.
The endoplasm quivers.
You slash the orc!
You kill the orc!
You barely miss the orc priest. You closely miss the hobgoblin.
The orc priest hits you but does no damage.
The hobgoblin barely misses you.
You slash the orc priest!
The orc priest is severely wounded.
You slash the hobgoblin!
You kill the hobgoblin!
The orc priest invokes the aid of Beogh against you.
Beogh smites you!
The orc priest hits you but does no damage. x2
You barely miss the orc priest.
The orc priest is severely wounded.
You hit the orc priest but do no damage.
The orc priest casts a cantrip, but nothing happens.
The orc priest hits you with a +0 club.
You slash the orc priest!
You kill the orc priest!
You barely miss the orc priest.
A bat comes into view.
The orc priest hits you with a +0 club.
You die...

###...##.#..#..
##.....%........
##..#.#####......
#..#........#....
###
##.....##########.
##...###%.....# #.
..$...$....#### #.
.....o.%.### ##
.......#@#
.......o).#
....<..J#...
.#...#.# ####
##.... ..o.## . b.
..


You could see an orc priest, an orc wizard, an endoplasm and a bat.

Vanquished Creatures
  An orc priest (D:3)
  An adder (D:2)
  A worm (D:3)
  A dart slug (D:2)
  An orc (D:3)
  5 endoplasms
  3 giant cockroaches
  A goblin (D:1)
  8 hobgoblins
  7 kobolds
  2 quokkas (D:2)
  6 ball pythons (D:1)
  4 bats (D:1)
  2 frilled lizards (D:2)
  5 rats
48 creatures vanquished.

Vanquished Creatures (others)
  2 plants (D:3)
2 creatures vanquished.

Grand Total: 50 creatures vanquished

Notes
Turn   | Place    | Note
-------+----------+-------------------------------------------
     0 | D:1      | qw the Gargoyle Fighter began the quest for the Orb.
     0 | D:1      | Reached XP level 1. HP: 14/14 MP: 1/1
     0 | D:1      | 0 ||| qw: Version: 0.1-a-108-g9e35731
     0 | D:1      | 0 ||| qw: Game counter: 6192
     0 | D:1      | 0 ||| qw: Always use a shield: true
     0 | D:1      | 0 ||| qw: God list: Okawaru
     0 | D:1      | 0 ||| qw: Allow faded altars: false
     0 | D:1      | 0 ||| qw: Do Orc after D:15 true
     0 | D:1      | 0 ||| qw: Do second Lair branch before Depths: true
     0 | D:1      | 0 ||| qw: Lair rune preference: random
     0 | D:1      | 0 ||| qw: Plans: Normal, Zot, God:TSO, Crypt, Tomb, Zig,
                  | Orb
     0 | D:1      | 0 ||| PLANNING D:1-11
   303 | D:1      | Reached XP level 2. HP: 14/19 MP: 2/2
   685 | D:1      | Found Pukli's Antique Armour Boutique.
   694 | D:1      | 694 ||| SHOPLISTING +1 Delatra's gloves {ID++} (240 gold,
                  | have 2).
   694 | D:1      | 694 ||| SHOPLISTING glowing scale mail (168 gold, have 2).
   694 | D:1      | 694 ||| SHOPLISTING runed cloak (180 gold, have 2).
   714 | D:1      | Reached skill level 3 in Axes
   716 | D:1      | 716 ||| DROPPING +0 club.
   757 | D:1      | Reached XP level 3. HP: 18/23 MP: 3/3
   985 | D:1      | 985 ||| UPGRADING to +0 cloak.
   990 | D:1      | 990 ||| READING scroll labelled NITIN UNGAKAGEB.
   991 | D:1      | 991 ||| READING scroll labelled XEASYDWO GUBAU.
  1092 | D:1      | 1092 ||| READING 2 scrolls labelled DUPNUGR WIZXY.
  1093 | D:1      | 1093 ||| READING scroll labelled CEACHOSTOV.
  1094 | D:1      | 1094 ||| READING scroll labelled PAUBRO BEZO.
  1095 | D:1      | 1095 ||| DROPPING scroll of amnesia.
  1396 | D:2      | Identified the ring "Mecuexug" {Contam EV+4 Int+5}
  1591 | D:2      | Found a faded altar of an unknown god.
  1813 | D:2      | Identified the ring "Wahut" {rElec rPois rF+ rCorr Str-5}
  1903 | D:2      | 1903 ||| UPGRADING to +0 pair of gloves.
  1908 | D:2      | 1908 ||| UPGRADING to +1 buckler of fire resistance.
  1918 | D:2      | 1918 ||| DROPPING +0 buckler.
  1919 | D:2      | 1919 ||| UPGRADING to ring "Mecuexug" {Contam EV+4 Int+5}.
  1920 | D:2      | 1920 ||| READING 2 scrolls labelled KIOXZOGAGO.
  1921 | D:2      | 1921 ||| READING scroll labelled FESIEMP WAUWOTAI.
  1922 | D:2      | 1922 ||| READING scroll labelled OFRAYTT URGHOPS.
  1927 | D:2      | 1927 ||| DROPPING scroll of butterflies.
  2016 | D:3      | 2016 ||| Stepping ~*~*~tactically~*~*~ (stealth).
  2026 | D:3      | Reached XP level 4. HP: 23/28 MP: 4/4
  2064 | D:3      | 2064 ||| Stepping ~*~*~tactically~*~*~ (stealth).
  2080 | D:3      | 2080 ||| Stepping ~*~*~tactically~*~*~ (stealth).
  2083 | D:3      | 2083 ||| Stepping ~*~*~tactically~*~*~ (stealth).
  2085 | D:3      | 2085 ||| Stepping ~*~*~tactically~*~*~ (stealth).
  2088 | D:3      | 2088 ||| Stepping ~*~*~tactically~*~*~ (stealth).
  2095 | D:3      | HP: 4/28 [orc priest/divine providence (12)]
  2097 | D:3      | Slain by an orc priest

Levels and vault maps discovered:
D:1:      matt_arrival_diagonals, layout_basic, serial_shops,
          nicolae_shop_waterfront
D:2:      layout_loops_ring, shapermc_ecumenical_altar_totnotflames
D:3:      layout_rooms, mainiacjoe_overflow_cross_hatched, uniq_ijyb

Skill      XL: |  1  2 |
---------------+-------+-----
Axes           | 2 3 |  3.9
Fighting       | |  3.2
Armour         | |  3.2
Shields        | |  3.2

Action                   |  1- 3 |  4- 6 || total
-------------------------+-------+-------++-------
Melee: War axe           |   145 |     8 ||   153
  Use: Scroll            |     8 |       ||     8
Armor: Scale mail        |    74 |     4 ||    78
Dodge: Dodged            |    65 |     6 ||    71
Block: Buckler           |    33 |     1 ||    34

Table legend:
 A = Non-vault XP
 B = Vault XP
 C = Vault XP percentage of total XP
 D = Non-vault monster count
 E = Vault monster count
 F = Vault count percentage of total count
                 A         B        C        D         E       F
            +---------+---------+-------+---------+---------+-------
      Total |     134 |       0 |   0.0 |      48 |       0 |   0.0
            +---------+---------+-------+---------+---------+-------
        D:1 |      39 |       0 |   0.0 |      27 |       0 |   0.0
        D:2 |      36 |       0 |   0.0 |      13 |       0 |   0.0
        D:3 |      59 |       0 |   0.0 |       8 |       0 |   0.0
            +---------+---------+-------+---------+---------+-------
